AoeStats
← Darkbang33

Arabia

503242259Analyzed
4v4 RM · 1mo ago on Aug 30, 2026· 21m 9s· 8 players
Game mode
Random Map
Map size
Large (8 player)
Population
200
Speed
Normal
Resources
Standard
Victory
Conquest
Starting age
Dark Age
Ending age
Imperial Age
RankedLock teamsTeams togetherTeam positionsShared explorationLock speedFull tech treeHidden civsTurbo modeCheats
Victory
Defeat
🇮🇹 Spanish · Italy
1527
+7
🇪🇸 Magyars · Spain
1469
+9
🇧🇷 Ethiopians · Brazil
1311
+16
🇲🇽 Persians · Mexico
1151
+23
🇦🇷 Maya · Argentina
1329
-14
🇻🇳 Khitans · Vietnam
1329
-14
🇨🇳 Lithuanians · China
1295
-13
🇩🇪 Berbers · Germany
1271
-12
Darkbang33
0:25 Loom
9:47 Feudal Age
10:43 Double-Bit Axe
不会打弓
6:41 Loom
9:20 Feudal Age
9:54 Double-Bit Axe
9:50 Horse Collar
22:22 Castle Age
21:02 Bloodlines
[K]iro#
7:08 Loom
10:27 Feudal Age
11:12 Double-Bit Axe
15:08 Fletching
16:19 Forging
20:22 Wheelbarrow
Kajook
[GDL]Cemento
4:50 Loom
20:21 Feudal Age
KIRA
6:26 Loom
8:41 Feudal Age
20:02 Horse Collar
HSL | LuxRay
8:27 Loom
10:17 Feudal Age
14:20 Castle Age
17:34 Padded Archer Armor
LaGordaKoreana
7:30 Loom
9:46 Feudal Age
12:40 Fletching
13:05 Double-Bit Axe
13:57 Padded Archer Armor
Connection lost

Rejoining the realm…

Still unreachable

The connection could not be restored.

Session expired

The server has moved on; the page needs a fresh start.